AoeStats
← my_time_my_map

Nomad

510397042Analyzed
2v2 RM · 12h ago on Sep 30, 2026· 30m 12s· 4 players
Game mode
Random Map
Map size
176×176
Population
200
Speed
Normal
Resources
Standard
Victory
Conquest
Starting age
Dark Age
Ending age
Imperial Age
RankedLock teamsTeams togetherTeam positionsShared explorationLock speedFull tech treeHidden civsTurbo modeCheats
Victory
Defeat
🇨🇿 Persians · Czechia
946
+16
🇧🇪 Malians · Belgium
897
+18
🇩🇪 Tupi · Germany
995
-19
🇺🇸 Saxons · United States
893
-15
Zarathustra
3:55 Loom
16:22 Feudal Age
17:18 Man-at-Arms
17:50 Double-Bit Axe
17:47 Fishing Lines
18:33 Arson
21:05 Gold Mining
22:28 Forging
22:18 Scale Mail Armor
27:24 Castle Age
25:57 Stone Mining
26:32 Fletching
27:03 Padded Archer Armor
28:30 Bodkin Arrow
30:07 Leather Archer Armor
my_time_my_map
15:09 Feudal Age
18:42 Castle Age
17:13 Fishing Lines
17:24 Double-Bit Axe
18:27 Bloodlines
18:13 Loom
19:49 Bow Saw
21:06 Medium Warships
21:28 Town Watch
23:58 Forging
26:28 Wheelbarrow
28:35 Horse Collar
33:15 Imperial Age
Rastom
14:53 Feudal Age
19:35 Castle Age
17:36 Fishing Lines
18:23 Loom
19:17 Wheelbarrow
18:39 Horse Collar
18:49 Double-Bit Axe
19:49 Fletching
20:26 Padded Archer Armor
20:50 Crossbowman
23:45 Gillnets
26:42 Ballistics
26:30 Thumb Ring
Patrick
14:55 Feudal Age
16:29 Wheelbarrow
18:00 Fishing Lines
20:00 Champi Runner
21:37 Loom
23:00 Double-Bit Axe
30:06 Castle Age
Connection lost

Rejoining the realm…

Still unreachable

The connection could not be restored.

Session expired

The server has moved on; the page needs a fresh start.